 Dungeon Crawl Stone Soup version 0.25.0-9-g26727b657a (webtiles) character file.

Game seed: 17027541546263745750

1309 mortelune the Summoner (level 8, -1/67 HPs)
             Began as a Barachi Summoner on June 21, 2020.
             Was a Follower of Ashenzari.
             Slain by an ice beast (19 damage)
             ... on level 6 of the Dungeon.
             The game lasted 00:15:51 (8432 turns).

mortelune the Summoner (Barachi Summoner)           Turns: 8432, Time: 00:15:52

Health: -1/67      AC: 10    Str: 11    XL:     8   Next: 58%
Magic:  6/15       EV:  9    Int: 19    God:    Ashenzari [*.....]
Gold:   269        SH:  0    Dex: 16    Spells: 7/17 levels left

rFire    + + .     SeeInvis .   l - +10 halberd of the Forest {speed, Int+2 Dex+4}
rCold    x . .     Gourm    .   (shield currently unavailable)
rNeg     . . .     Faith    .   e - +0 fire dragon scales
rPois    .         Spirit   .   (helmet restricted)
rElec    .         Reflect  .   n - +0 cloak
rCorr    .         Harm     .   (no gloves)
MR       .....                  s - +0 pair of boots
Stlth    ..........             (no amulet)
HPRegen  0.21/turn              o - ring of flight
MPRegen  0.14/turn              (no ring)

@: about to teleport, very slightly contaminated, slow
A: +LOS, swims, horns 1, robust 1, screaming 1, slowness 1, wild magic 1, strong
legs 1
a: Hop, Curse Item, Scrying, Renounce Religion, Evoke Flight


You were on level 6 of the Dungeon.
You worshipped Ashenzari.
Ashenzari was aware of your devotion.
You were very hungry.

You visited 1 branch of the dungeon, and saw 6 of its levels.

You collected 269 gold pieces.

Inventory:

Hand Weapons
 g - a +0 short sword
 k - a +0 long sword
 l - the +10 halberd of the Forest (weapon) {speed, Int+2 Dex+4}
   (You found it on level 4 of the Dungeon)

   Attacks with this weapon are significantly faster.
   It affects your intelligence (+2).
   It affects your dexterity (+4).
 m - a +3 mace
Armour
 a - a +0 robe
 e - +0 fire dragon scales (worn)
 n - a +0 cloak (worn)
 s - a +0 pair of boots (worn)
 v - a +2 scale mail of cold resistance
Magical Staves
 q - an uncursed staff of energy
Jewellery
 o - a ring of flight (left hand)
 u - an uncursed ring of fire
 F - an uncursed ring of protection from fire
Wands
 y - a wand of acid (10)
Scrolls
 b - a scroll of enchant weapon
 i - a scroll of identify
 t - a scroll of teleportation
 z - a scroll of noise {unknown}
 B - a scroll of blinking
 E - a scroll of holy word {unknown}
Potions
 d - 2 potions of haste
 f - 4 potions of curing
 h - a potion of heal wounds
 j - a potion of mutation
 p - a potion of flight
 r - a potion of ambrosia
 w - a potion of lignification
 x - a potion of resistance
 A - a potion of might {unknown}
 C - a potion of stabbing {unknown}
Comestibles
 c - 8 rations


   Skills:
 + Level 4.6 Fighting
 * Level 1.7 Armour
 - Level 2.1 Dodging
 - Level 1.7 Stealth
 + Level 5.2 Spellcasting
 + Level 8.1 Summonings
 * Level 6.3 Ice Magic


You had 7 spell levels left.
You knew the following spells:

 Your Spells              Type           Power        Failure   Level  Hunger
a - Summon Small Mammal   Summ           ####         6%          1    None
b - Call Imp              Summ           #####...     9%          2    #......
c - Call Canine Familiar  Summ           #####...     16%         3    ##.....
d - Summon Ice Beast      Ice/Summ       #####...     54%         4    ####...

Your spell library contained the following spells:

 Spells                   Type           Power        Failure   Level  Hunger
 Summon Guardian Golem    Hex/Summ       ####....     61%         3    ##.....
 Summon Lightning Spire   Summ/Air       ####....     93%         4    ####...


Dungeon Overview and Level Annotations

Branches:
Dungeon (6/15)
 Temple: D:4-7

Altars:
Ashenzari
Elyvilon
Qazlal
Sif Muna
Uskayaw
Wu Jian

Shops:
D:5 (   D:6 %

Annotations:
D:2 Sigmund
D:4 3 runed translucent doors, IHuginn's ghost, amateur DEAE
D:6 1 runed translucent door, Crazy Yiuf; Menkaure


Innate Abilities, Weirdness & Mutations

You can be seen from farther away. (+LOS)
You can swim through water.
You cover ground slowly.
You can hop short distances.
You have a pair of small horns on your head.
You are robust. (+10% HP)
You occasionally shout uncontrollably at your foes.
Your spells are a little harder to cast, but a little more powerful.


Message History

You headbutt the ice beast, but do no damage.
Your wolf barely misses the ice beast.
The ice beast hits you. The ice beast freezes you!
You feel a terrible chill!
Casting: Call Canine Familiar (dangerous; 16% risk of failure)
Confirm with . or Enter, or press ? or * to list all spells.
You miscast Call Canine Familiar.
Nothing appears to happen.
Your wolf completely misses the ice beast.
Menkaure calls on the powers of darkness!
The ice beast convulses!
Your body is wracked with pain!
* * * LOW HITPOINT WARNING * * *
Your wolf convulses!
Your wolf bites the ice beast!
The ice beast hits your wolf. The ice beast freezes your wolf!
Your wolf dies!
Your wolf's corpse disappears in a puff of smoke!
As you read the scroll of teleportation, it crumbles to dust.
You feel strangely unstable. The ice beast hits you.
* * * LOW HITPOINT WARNING * * *
The ice beast freezes you!!
You feel a terrible chill!
You die...

######....##.#..###......### #.#.
.......##..#.#..###.###### #.##
....#..###.#.#......# #.##
....#.## #.#.#....#.# #.##
..#.#.# #...####...# #.## .?..#.#
#..######.###########..# ....#.##
#### #........≈.≈≈...≈.≈
..#.#..########.§.......≈≈≈≈≈≈≈≈≈
.(..#......M...Y@.....≈≈≈≈.≈≈≈≈≈≈
....###########.......≈≈≈≈≈≈≈≈≈.≈
..#.# ########≈≈≈≈≈≈≈≈≈≈≈
#≈≈≈≈#..≈... #≈≈≈######.. #≈≈###
### #≈##≈# #≈≈≈≈# ###≈≈#


You could see an ice beast and Menkaure.

Vanquished Creatures
  A slave (D:5)
  3 bullfrogs (D:6)
  A howler monkey (D:6)
  A crimson imp (D:5)
  2 hounds
  A bullfrog skeleton (D:6)
  Terence (D:3)
  2 orc wizards (D:4)
  3 worker ants
  A worker ant zombie (D:5)
  2 gnolls (D:5)
  An adder (D:3)
  2 shadow imps
  An adder skeleton (D:5)
  A worm (D:4)
  2 dart slugs
  10 orcs
  A bat zombie (D:2)
  5 giant cockroaches
  5 goblins
  2 hobgoblins (D:3)
  A jackal (D:2)
  3 bats
  3 frilled lizards
  2 kobolds
  2 rats
59 creatures vanquished.

Vanquished Creatures (collateral kills)
  Pikel (D:5)
  Grinder (D:6)
  A sky beast (D:6)
  A black bear (D:6)
  An ogre (D:4)
  A slave (D:5)
  A bullfrog (D:6)
  Blork the orc (D:6)
  A scorpion (D:5)
  A wight (D:2)
  A crimson imp (D:5)
  A quasit (D:4)
  An orc priest (D:6)
  An orc wizard (D:6)
  A gnoll (D:5)
  2 adders
  An ooze (D:1)
  A worm (D:3)
  2 dart slugs
  2 leopard geckos
  7 orcs
  4 bats
  A giant cockroach (D:1)
  4 hobgoblins
  A jackal (D:2)
  A ball python (D:2)
  3 frilled lizards
  3 goblins
  6 kobolds
  4 rats
57 creatures vanquished.

Grand Total: 116 creatures vanquished

Notes
Turn   | Place    | Note
-------+----------+-------------------------------------------
     0 | D:1      | mortelune the Barachi Summoner began the quest for the Orb.
     0 | D:1      | Reached XP level 1. HP: 13/13 MP: 3/3
    87 | D:1      | Reached skill level 5 in Summonings
   621 | D:1      | Reached XP level 2. HP: 14/19 MP: 5/5
   625 | D:1      | Learned a level 2 spell: Call Imp
  1765 | D:1      | Reached XP level 3. HP: 21/24 MP: 7/7
  1770 | D:1      | Learned a level 3 spell: Call Canine Familiar
  2470 | D:2      | Reached skill level 6 in Summonings
  2470 | D:2      | Reached XP level 4. HP: 14/30 MP: 3/8
  2649 | D:2      | Noticed Sigmund
  2850 | D:2      | Found an ornate altar of the Wu Jian Council.
  3668 | D:3      | Found a shattered altar of Ashenzari.
  3671 | D:3      | Found a shimmering blue altar of Sif Muna.
  4003 | D:3      | Found a hide-covered altar of Uskayaw.
  4475 | D:3      | Noticed Terence
  4490 | D:3      | Killed Terence
  4490 | D:3      | Reached skill level 1 in Fighting
  4490 | D:3      | Reached XP level 5. HP: 15/37 MP: 3/10
  5032 | D:3      | Became a worshipper of Ashenzari the Shackled
  5044 | D:3      | Gained mutation: You occasionally shout uncontrollably at
                  | your foes. [potion of mutation]
  5044 | D:3      | Gained mutation: You are robust. (+10% HP) [potion of
                  | mutation]
  5044 | D:3      | Gained mutation: Your spells are a little harder to cast,
                  | but a little more powerful. [potion of mutation]
  5044 | D:3      | Gained mutation: You have a pair of small horns on your
                  | head. [potion of mutation]
  5050 | D:3      | Learned a level 4 spell: Summon Ice Beast
  5202 | D:4      | Got the halberd of the Forest {speed, Int+2 Dex+4}
  5203 | D:4      | Identified the +10 halberd of the Forest {speed, Int+2
                  | Dex+4} (You found it on level 4 of the Dungeon)
  5287 | D:4      | Noticed an ogre
  5296 | D:4      | Killed an ogre
  5296 | D:4      | Reached skill level 1 in Ice Magic
  5468 | D:4      | Reached XP level 6. HP: 48/48 MP: 11/11
  5548 | D:4      | Reached skill level 7 in Summonings
  5594 | D:4      | Found a runed translucent gate.
  5594 | D:4      | Found a runed translucent gate.
  5594 | D:4      | Found a runed translucent gate.
  5594 | D:4      | Noticed IHuginn's ghost (amateur DEAE)
  5872 | D:5      | Entered Level 5 of the Dungeon
  6381 | D:5      | Noticed a slave
  6382 | D:5      | Noticed Pikel
  6382 | D:5      | Noticed a slave
  6383 | D:5      | Noticed a slave
  6394 | D:5      | Noticed a slave
  6400 | D:5      | Killed a slave
  6612 | D:5      | Reached XP level 7. HP: 32/56 MP: 11/13
  6902 | D:5      | Killed Pikel
  7178 | D:5      | Found Tuig's Weapon Boutique.
  7348 | D:5      | Reached * piety under Ashenzari
  7488 | D:6      | Noticed Grinder
  7556 | D:6      | Reached skill level 5 in Ice Magic
  7561 | D:6      | Killed Grinder
  7561 | D:6      | Reached XP level 8. HP: 53/66 MP: 4/15
  7676 | D:6      | Found a white marble altar of Elyvilon.
  7715 | D:6      | Found a stormy altar of Qazlal.
  7720 | D:6      | Noticed a water elemental
  7720 | D:6      | Noticed an air elemental
  7720 | D:6      | Noticed Blork the orc
  7724 | D:6      | Killed Blork the orc
  7801 | D:6      | Reached skill level 5 in Spellcasting
  7806 | D:6      | Reached skill level 8 in Summonings
  8037 | D:6      | Found Eteuneo's Food Emporium.
  8079 | D:6      | Reached skill level 1 in Armour
  8332 | D:6      | Found a runed translucent door.
  8333 | D:6      | Noticed Crazy Yiuf
  8409 | D:6      | Noticed Menkaure
  8432 | D:6      | Slain by an ice beast

Illustrated notes

Levels and vault maps discovered:
D:1:      lemuel_arrival_river_bridge, layout_rooms
D:2:      layout_loops_cross, lemuel_coloured_pillars_altar,
          lemuel_doored_altar, minmay_divided_ellipse, uniq_sigmund
D:3:      layout_basic, lemuel_crystal_altar, minitemple, first_ration,
          uniq_terence
D:4:      layout_gridville, gammafunk_ghost_necromancy
D:5:      layout_loops_corners, serial_shops, shop_coins, uniq_pikel
D:6:      layout_rooms, nicolae_qazlal_style_of_elements, old_standard_altar,
          temple_hall, serial_rivers, chequers_serial_rivers_marsh,
          chequers_serial_rivers_room_b, chequers_serial_rivers_micro_c,
          chequers_serial_rivers_micro_c, chequers_serial_rivers_large_a,
          chequers_serial_rivers_room_a, serial_shops, shop, st_stairs_14,
          uniq_menkaure, uniq_grinder, uniq_crazy_yiuf_cottage,
          uniq_blork_the_orc

Skill      XL: |  1  2  3  4  5  6  7  8 |
---------------+-------------------------+-----
Summonings     | 5 6 7 8 |  8.1
Spellcasting   | 3 4 5 |  5.2
Fighting       | 1 2 4 |  4.6
Ice Magic      | 2 3 5 6 |  6.3
Armour         | 1 |  1.7
Dodging        | |  2.1
Stealth        | |  1.7

Action                   |  1- 3 |  4- 6 |  7- 9 || total
-------------------------+-------+-------+-------++-------
Melee: Unarmed           |    16 |       |       ||    16
       Short sword       |    50 |       |       ||    50
       Long sword        |    14 |    72 |       ||    86
       Halberd           |       |    56 |    38 ||    94
       Headbutt          |       |     7 |     4 ||    11
 Cast: Summon Small Mamm |     5 |       |     2 ||     7
       Call Imp          |    14 |     5 |       ||    19
       Call Canine Famil |     5 |    12 |     5 ||    22
       Summon Ice Beast  |       |     2 |     9 ||    11
 Abil: Hop               |       |     1 |     1 ||     2
  Use: Scroll            |       |    12 |     1 ||    13
       Potion            |       |     1 |       ||     1
 Stab: Sleeping          |       |     3 |       ||     3
  Eat: Chunk             |     7 |    12 |     4 ||    23
       Ration            |       |     1 |     1 ||     2
Armor: Robe              |    26 |    21 |     4 ||    51
       Fire dragon scale |       |       |     6 ||     6
Dodge: Dodged            |    73 |   117 |    23 ||   213
       Rpst.: Long sword |     3 |    17 |       ||    20
